 Dungeon Crawl Stone Soup version 0.22-a0-414-gacd343e (webtiles) character file.

11267 Mgcat the Spear-Bearer (level 11, -1/97 HPs)
             Began as a Merfolk Gladiator on May 13, 2018.
             Was a High Priest of Okawaru.
             Slain by a nine-headed hydra (4 damage)
             ... on level 8 of the Dungeon.
             The game lasted 00:28:10 (9157 turns).

Mgcat the Spear-Bearer (Merfolk Gladiator)          Turns: 9157, Time: 00:28:11

Health: -1/97      AC: 11    Str: 17    XL:     11   Next: 75%
Magic:  13/13      EV: 12    Int:  7    God:    Okawaru [*****.]
Gold:   321        SH:  0    Dex: 17    Spells: 10/10 levels left

rFire    . . .     SeeInvis .   z - +3 halberd (freeze) (curse)
rCold    . . .     Gourm    .   (shield currently unavailable)
rNeg     . . .     Faith    .   t - +0 scale mail
rPois    .         Spirit   .   c - +1 helmet
rElec    .         Reflect  .   (no cloak)
rCorr    .         Harm     .   (no gloves)
MR       +....                  (no boots)
Stlth    ..........             v - amulet of regeneration {+regen, !d}
HPRegen  0.66/turn              p - ring of protection from magic {MR+, !d}
MPRegen  0.13/turn              s - +3 ring of protection

@: no status effects
A: change form in water, swift swim, stealthy swim
a: Heroism, Finesse, Renounce Religion


You were on level 8 of the Dungeon.
You worshipped Okawaru.
Okawaru was extremely pleased with you.
You were not hungry.

You visited 2 branches of the dungeon, and saw 10 of its levels.

You collected 335 gold pieces.
You spent 14 gold pieces at shops.

Inventory:

Hand Weapons
 z - a cursed +3 halberd of freezing (weapon)
   (You took it off a wight on level 9 of the Dungeon)
Missiles
 a - 5 tomahawks (quivered)
 d - 3 throwing nets {=f, !d}
 q - 7 curare-tipped needles
Armour
 c - a +1 helmet (worn)
 t - a +0 scale mail (worn)
   (You found it on level 3 of the Dungeon)
Magical Staves
 w - an uncursed staff of energy {+MP, hungerless spells, !d!a@w1}
   (You found it on level 6 of the Dungeon)
Jewellery
 o - a +1 ring of evasion
   (You found it on level 9 of the Dungeon)
 p - a ring of protection from magic (left hand) {MR+, !d}
   (You took it off a hobgoblin on level 5 of the Dungeon)
 r - an uncursed amulet of faith {Faith, !P}
   (You found it on level 9 of the Dungeon)
 s - a +3 ring of protection (right hand)
   (You found it on level 3 of the Dungeon)
 v - an amulet of regeneration (around neck) {+regen, !d}
   (You found it on level 4 of the Dungeon)
 A - an uncursed ring of ice {rC+, rF-}
   (You found it on level 6 of the Dungeon)
Wands
 h - a wand of acid (9)
   (You found it on level 4 of the Dungeon)
 y - a wand of random effects (45)
   (You took it off Edmund on level 5 of the Dungeon)
 D - a wand of flame (19)
   (You found it on level 7 of the Dungeon)
Scrolls
 j - a scroll of magic mapping {!r}
 m - 3 scrolls of remove curse
 F - a scroll of teleportation
Potions
 b - 3 potions of mutation {!q}
 e - a potion of haste {unknown}
 g - 2 potions of curing
 k - 2 potions of brilliance
 l - 4 potions of invisibility
 n - 2 potions of magic
 x - 2 potions of ambrosia
 C - a potion of cancellation {unknown}
 E - 4 potions of lignification {!q}
Comestibles
 f - 13 rations
 G - 12 chunks of flesh {@w0}


   Skills:
 + Level 12.9 Fighting
 + Level 14.5 Polearms
 - Level 8.0 Throwing
 + Level 2.4 Armour
 - Level 4.0 Dodging
 + Level 3.7 Invocations


You had 10 spell levels left.
You didn't know any spells.
Your spell library contained the following spells:

 Spells                   Type           Power        Failure   Level  Hunger
 Magic Dart               Conj           #...         83%         1    ##.....
 Fireball                 Conj/Fire      #.........   100%        5    ######.
 Conjure Flame            Conj/Fire      #.......     99%         3    ####...
 Throw Flame              Conj/Fire      #.....       93%         2    ###....
 Summon Small Mammal      Summ           #...         83%         1    ##.....
 Iskenderun's Mystic Bla  Conj           #.......     100%        4    #####..
 Sticky Flame             Conj/Fire      #.......     100%        4    #####..
 Summon Ice Beast         Ice/Summ       #.......     100%        4    #####..
 Call Imp                 Summ           #.......     93%         2    ###....
 Flame Tongue             Conj/Fire      #....        83%         1    ##.....
 Call Canine Familiar     Summ           #.......     99%         3    ####...
 Inner Flame              Hex/Fire       #.......     99%         3    ####...
 Fulminant Prism          Conj/Hex       #.........   100%        4    #####..
 Dazzling Spray           Conj/Hex       #.....       99%         3    ####...
 Force Lance              Conj/Tloc      #.......     100%        4    #####..
 Searing Ray              Conj           #.....       93%         2    ###....
 Summon Lightning Spire   Summ/Air       #.......     100%        4    #####..
 Summon Guardian Golem    Hex/Summ       #.......     99%         3    ####...


Dungeon Overview and Level Annotations

Branches:
Dungeon (9/15)             Temple (1/1) D:7
   Lair: D:8-11         Orc: D:9-12

Altars:
Ashenzari
Cheibriados
Dithmenos
Elyvilon
Fedhas
Gozag
Hepliaklqana
Kikubaaqudgha
Makhleb
Nemelex Xobeh
Okawaru
Qazlal
Ru
Sif Muna
Trog
Uskayaw
Vehumet
Wu Jian
Xom
Yredelemnul
Zin
The Shining One

Shops:
D:8 !

Annotations:
D:4 2 transporters
D:6 galech's ghost, novice GnWn
D:7 1 transporter
D:9 2 exclusions


Message History

You impale the orc priest!! You freeze the orc priest.
You kill the orc priest!
Okawaru accepts your kill.
Attack whom?
Press: ? - help, Dir - move target cursor, f - you That would be overly suicidal.
Okay, then.
There is an entrance to Poetoryutz's Distillery here.
u - 2 potions of degeneration (gained 1) Thank you for shopping at Poetoryutz's Distillery!
Drop what? 33/52 slots (_ for help) (? for menu, Esc to quit)
You drop 2 potions of degeneration {!q}.
As you read the scroll of identify, it crumbles to dust.
l - 4 potions of invisibility
As you read the scroll of identify, it crumbles to dust.
E - 4 potions of lignification Your legs become a tail as you enter the water.
An eye of draining comes into view.
The eye of draining turns its gaze towards you.
Attack whom?
Press: ? - help, Dir - move target cursor, f - eye of draining
Aim: an eye of draining You reach to attack!
You slice the eye of draining!! You freeze the eye of draining!
The eye of draining is almost dead.
You hear a roar!
Attack whom?
Press: ? - help, Dir - move target cursor, f/p - eye of draining
Aim: an eye of draining (almost dead)
You reach to attack!
You puncture the eye of draining! You freeze the eye of draining.
You kill the eye of draining!
Okawaru accepts your kill.
No target in view!
No target in view!
No target in view!
The eight-headed hydra roars!
The eight-headed hydra is too close now for your liking.
You slice one of the eight-headed hydra's heads off!
The seven-headed hydra grows two more!
You slice the nine-headed hydra!! You freeze the nine-headed hydra.
The nine-headed hydra is moderately wounded.
The nine-headed hydra closely misses you.
The nine-headed hydra bites you. The nine-headed hydra bites you!
The nine-headed hydra bites you.
The nine-headed hydra bites you but does no damage.
The nine-headed hydra barely misses you.
The nine-headed hydra bites you but does no damage.
The nine-headed hydra barely misses you.
The nine-headed hydra bites you!
You are too injured to fight recklessly!
Unknown command.
Unknown command.
Evoke which item? (* to show all) (? for menu, Esc to quit)
Aiming: Corrosive Bolt
Press: ? - help, Shift-Dir - straight line, f - nine-headed hydra
Aim: a nine-headed hydra (moderately wounded)
The bolt of acid hits the nine-headed hydra.
The nine-headed hydra is splashed with acid.
The nine-headed hydra is severely wounded.
The nine-headed hydra closely misses you.
The nine-headed hydra bites you.
The nine-headed hydra barely misses you.
The nine-headed hydra bites you.
The nine-headed hydra barely misses you.
The nine-headed hydra closely misses you.
The nine-headed hydra bites you!
The nine-headed hydra bites you but does no damage. x2
A nine-headed hydra is nearby!
Unknown command.
Evoke which item? (* to show all) (? for menu, Esc to quit)
Aiming: Corrosive Bolt
Press: ? - help, Shift-Dir - straight line, f/p - nine-headed hydra
Aim: a nine-headed hydra (severely wounded)
The bolt of acid hits the nine-headed hydra.
The nine-headed hydra is splashed with acid.
The acid corrodes the nine-headed hydra!
The nine-headed hydra is almost dead.
The nine-headed hydra bites you but does no damage.
The nine-headed hydra bites you!
The nine-headed hydra closely misses you.
The nine-headed hydra barely misses you.
The nine-headed hydra bites you! x2
* * * LOW HITPOINT WARNING * * *
The nine-headed hydra bites you but does no damage.
The nine-headed hydra bites you.
* * * LOW HITPOINT WARNING * * *
The nine-headed hydra bites you!
* * * LOW HITPOINT WARNING * * *
Okay, then.
Unknown command.
Unknown command.
Unknown command.
Unknown command.
You feel much better. The nine-headed hydra bites you!
* * * LOW HITPOINT WARNING * * *
The nine-headed hydra bites you!
* * * LOW HITPOINT WARNING * * *
The nine-headed hydra bites you.
You die...

.....................#.#.........
........).###.......)............
........)..........).............
.........[.......................
.###.#..##.......................
.###.#..####...####.#.##.........
........# ##...##....##.........
.##..##.# ##.#D#....###.........
.....##.# #....@......##.......#
..#..#..# #.≈.≈.≈....)..##.....##
..#.>...##.≈##+##≈.......≈≈≈####
....##...#.# ##......≈≈≈≈≈#
...........# #........∩≈≈#
...........# #......≈≈≈≈≈#
........##.# #.......≈≈≈##
...<....# .# #.......####
........# # #.....#..


You could see a nine-headed hydra.

Vanquished Creatures
  A centaur warrior (D:8)
  6 two-headed ogres
  2 deep elf magi (D:9)
  An oklob plant (D:8)
  Joseph (D:8)
  The ghost of grindst0ne the Skirmisher, an amateur HuAr of Okawaru (D:4)
  Prince Ribbit (D:7)
  A hippogriff (D:8)
  3 yaks (D:9)
  Grum (D:7)
  Menkaure (D:5)
  Edmund (D:5)
  A water moccasin (D:9)
  3 sky beasts
  An orc warrior (D:9)
  3 phantoms
  2 necrophages
  An eye of draining (D:8)
  2 ogres
  A centaur (D:5)
  3 wolves
  7 bullfrogs
  2 scorpions
  3 wights (D:9)
  6 killer bees
  A howler monkey (D:6)
  2 crimson imps (D:9)
  4 hounds
  A centaur skeleton (D:4)
  2 jellies (D:8)
  12 orc priests
  2 bullfrog skeletons (D:5)
  Jessica (D:2)
  8 iguanas
  3 orc wizards
  6 worker ants
  2 hound skeletons
  5 gnolls
  11 adders
  6 shadow imps
  2 oozes
  2 adder zombies
  An adder skeleton (D:9)
  A worm (D:2)
  5 dart slugs
  6 leopard geckos
  16 orcs
  3 giant cockroaches
  8 goblins
  9 hobgoblins
  11 jackals
  4 quokkas
  A ball python (D:4)
  6 bats
  8 kobolds
  A leopard gecko skeleton (D:4)
  A quokka zombie (D:5)
  5 rats
211 creatures vanquished.

Notes
Turn   | Place    | Note
-------+----------+-------------------------------------------
     0 | D:1      | Mgcat the Merfolk Gladiator began the quest for the Orb.
     0 | D:1      | Reached XP level 1. HP: 16/16 MP: 1/1
    39 | D:1      | Reached XP level 2. HP: 23/23 MP: 2/2
   325 | D:1      | Reached skill level 5 in Polearms
   328 | D:1      | Reached XP level 3. HP: 13/28 MP: 3/3
   573 | D:2      | Reached skill level 3 in Fighting
   704 | D:2      | Noticed Jessica
   706 | D:2      | Killed Jessica
   706 | D:2      | Reached XP level 4. HP: 30/35 MP: 4/4
   743 | D:2      | Reached skill level 3 in Throwing
  1168 | D:3      | Reached XP level 5. HP: 39/41 MP: 5/5
  1550 | D:3      | Reached skill level 6 in Polearms
  1997 | D:4      | Noticed an ogre
  2002 | D:4      | Killed an ogre
  2002 | D:4      | Reached skill level 4 in Fighting
  2002 | D:4      | Reached XP level 6. HP: 48/48 MP: 6/6
  2016 | D:4      | Reached skill level 4 in Throwing
  2088 | D:4      | Noticed grindst0ne's ghost (amateur HuAr)
  2219 | D:4      | Found a transporter.
  2222 | D:4      | Found a sparkling altar of Nemelex Xobeh.
  2223 | D:4      | Found a hide-covered altar of Uskayaw.
  2223 | D:4      | Found a transporter.
  2287 | D:4      | Reached skill level 7 in Polearms
  2377 | D:4      | Killed grindst0ne's ghost
  2377 | D:4      | Reached skill level 5 in Fighting
  2377 | D:4      | Reached XP level 7. HP: 31/56 MP: 7/7
  2691 | D:4      | Found a shadowy altar of Dithmenos.
  2818 | D:5      | Entered Level 5 of the Dungeon
  2818 | D:5      | Noticed Menkaure
  2964 | D:5      | Noticed Edmund
  2969 | D:5      | Reached skill level 8 in Polearms
  2969 | D:5      | Reached skill level 5 in Throwing
  2989 | D:5      | Killed Edmund
  3021 | D:5      | Reached XP level 8. HP: 25/64 MP: 8/8
  3022 | D:5      | HP: 15/64 [orc priest/divine providence (11)]
  3122 | D:5      | Reached skill level 6 in Fighting
  3187 | D:5      | HP: 16/64 [orc priest/divine providence (7)]
  3209 | D:4      | Reached skill level 9 in Polearms
  3404 | D:5      | Reached skill level 6 in Throwing
  3662 | D:5      | Killed Menkaure
  3662 | D:5      | Reached skill level 7 in Fighting
  4603 | D:6      | Reached skill level 10 in Polearms
  4737 | D:6      | Reached XP level 9. HP: 61/72 MP: 9/9
  4869 | D:6      | Noticed galech's ghost (novice GnWn)
  4935 | D:6      | HP: 17/72 [galech's ghost (12)]
  4936 | D:6      | HP: 8/72 [galech's ghost (10)]
  4951 | D:6      | HP: 7/72 [galech's ghost (8)]
  5661 | D:6      | HP: 18/73 [poisoned by a killer bee]
  5666 | D:6      | HP: 13/73 [poisoned by a killer bee]
  5671 | D:6      | HP: 10/73 [poisoned by a killer bee]
  5676 | D:6      | HP: 9/73 [poisoned by a killer bee]
  5681 | D:6      | HP: 10/73 [poisoned by a killer bee]
  5686 | D:6      | HP: 11/73 [poisoned by a killer bee]
  5693 | D:6      | HP: 13/73 [poisoned by a killer bee]
  5701 | D:6      | HP: 16/73 [poisoned by a killer bee]
  5861 | D:7      | Reached skill level 7 in Throwing
  5885 | D:7      | Found a transporter.
  6024 | D:7      | Reached skill level 8 in Fighting
  6156 | D:7      | Noticed Prince Ribbit
  6168 | D:7      | HP: 18/74 [Prince Ribbit (6)]
  6180 | D:7      | HP: 7/74 [orc priest/divine providence (15)]
  6195 | D:7      | HP: 14/74 [Prince Ribbit (14)]
  6197 | D:7      | Killed Prince Ribbit
  6197 | D:7      | Reached skill level 11 in Polearms
  6320 | D:6      | Noticed a red ugly thing
  6571 | D:7      | Found a staircase to the Ecumenical Temple.
  6580 | Temple   | Entered the Ecumenical Temple
  6857 | D:7      | Found a bloodstained altar of Trog.
  6858 | D:7      | Found an iron altar of Okawaru.
  6879 | D:7      | Became a worshipper of Warmaster Okawaru
  7192 | D:8      | Noticed Grum
  7206 | D:7      | Reached skill level 8 in Throwing
  7218 | D:7      | Reached skill level 9 in Fighting
  7263 | D:7      | Killed Grum
  7263 | D:7      | Reached skill level 12 in Polearms
  7263 | D:7      | Reached XP level 10. HP: 79/83 MP: 10/10
  7281 | D:8      | Reached * piety under Okawaru
  7284 | D:8      | Noticed a two-headed ogre
  7291 | D:8      | Killed a two-headed ogre
  7291 | D:8      | Reached skill level 10 in Fighting
  7342 | D:8      | Noticed a two-headed ogre
  7357 | D:8      | Killed a two-headed ogre
  7357 | D:8      | Reached ** piety under Okawaru
  7357 | D:8      | Reached skill level 11 in Fighting
  7437 | D:8      | Noticed Joseph
  7440 | D:8      | Noticed a two-headed ogre
  7455 | D:8      | Killed Joseph
  7461 | D:8      | HP: 1/88 [two-headed ogre/dire flail (24)]
  7669 | D:8      | Killed a two-headed ogre
  7746 | D:8      | Noticed a centaur warrior
  7759 | D:8      | Killed a centaur warrior
  7759 | D:8      | Reached *** piety under Okawaru
  7759 | D:8      | Reached skill level 12 in Fighting
  7759 | D:8      | Reached skill level 13 in Polearms
  7759 | D:8      | Reached XP level 11. HP: 27/95 MP: 11/11
  7878 | D:8      | Noticed an eight-headed hydra
  8346 | D:9      | Noticed a two-headed ogre
  8352 | D:9      | Killed a two-headed ogre
  8352 | D:9      | Reached **** piety under Okawaru
  8352 | D:9      | Reached skill level 1 in Invocations
  8427 | D:9      | Reached skill level 14 in Polearms
  8427 | D:9      | Reached skill level 1 in Armour
  8445 | D:9      | Noticed a two-headed ogre
  8455 | D:9      | Killed a two-headed ogre
  8455 | D:9      | Reached skill level 2 in Invocations
  8501 | D:9      | Found a glowing silver altar of Zin.
  8501 | D:9      | Noticed a deep elf mage
  8501 | D:9      | Noticed a deep elf mage
  8506 | D:9      | Killed a deep elf mage
  8506 | D:9      | Reached ***** piety under Okawaru
  8515 | D:9      | Killed a deep elf mage
  8585 | D:9      | Noticed a two-headed ogre
  8594 | D:9      | Killed a two-headed ogre
  8594 | D:9      | Reached skill level 2 in Armour
  8594 | D:9      | Reached skill level 3 in Invocations
  8942 | D:8      | Found an iron altar of Okawaru.
  8942 | D:8      | Noticed an oklob plant
  8954 | D:8      | HP: 20/97 [acid (13)]
  8957 | D:8      | Killed an oklob plant
  9083 | D:8      | Found Poetoryutz's Distillery.
  9098 | D:8      | Bought a potion of degeneration for 14 gold pieces
  9156 | D:8      | HP: 24/97 [nine-headed hydra (7)]
  9156 | D:8      | HP: 7/97 [nine-headed hydra (12)]
  9157 | D:8      | HP: 3/97 [nine-headed hydra (13)]
  9157 | D:8      | Slain by a nine-headed hydra

Vault maps used:
D:1:      minmay_arrival_checkered_box, glass_columns_c
D:2:      uniq_jessica
D:3:      kennysheep_generic_room_12
D:4:      gammafunk_temple_overflow_arena, first_ration, minmay_cupped
D:5:      corexii_shack_village, uniq_menkaure, uniq_edmund
D:6:      minmay_klotski, sigmund_army
D:7:      gammafunk_the_bubble, grunt_temple_overflow_bloody_war,
          minmay_temple_entry_glass, uniq_prince_ribbit1
D:8:      zin_scriptorium, serial_shops, nicolae_shop_waterfront,
          hangedman_little_slice_of_home, lemuel_oklob_altar, uniq_grum,
          uniq_joseph
D:9:      cheibrodos_two_vegetables, david_defended_altar_elf
Temple:   eino_temple_scatter_basement

Skill      XL: |  1  2  3  4  5  6  7  8  9 10 11 |
---------------+----------------------------------+-----
Polearms       | 5 6 7 8 10 12 13 14 | 14.5
Fighting       | 3 4 5 7 9 12 | 12.9
Throwing       | 3 4 5 6 8 |  8.0
Invocations    | 3 |  3.7
Armour         | 2 |  2.4
Dodging        | |  4.0

Action                   |  1- 3 |  4- 6 |  7- 9 | 10-12 || total
-------------------------+-------+-------+-------+-------++-------
Melee: Trident           |   103 |   176 |   502 |       ||   781
       Halberd           |       |       |       |   228 ||   228
       Tailslap          |       |       |       |     1 ||     1
Throw: Tomahawk          |     2 |    13 |    10 |    13 ||    38
Evoke: Wand              |       |       |    11 |    25 ||    36
  Use: Scroll            |       |       |    16 |     5 ||    21
       Potion            |       |       |     3 |     3 ||     6
 Stab: Paralysed         |       |       |       |     2 ||     2
  Eat: Chunk             |       |     5 |    16 |     6 ||    27
Armor: Leather armour    |    17 |     8 |       |       ||    25
       Scale mail        |       |    53 |   155 |    58 ||   266
Dodge: Dodged            |    60 |    80 |   215 |    76 ||   431

Table legend:
 A = Spawn XP
 B = Non-spawn XP
 C = Spawn XP percentage of total XP
 D = Spawn monster count
 E = Non-spawn monster count
 F = Spawn count percentage of total count
 G = Total turns spent on level
                    A         B        C        D         E        F      G
               +---------+---------+-------+---------+---------+-------+---------
         Total |       0 |   16096 |   0.0 |       0 |     211 |   0.0 |  9157
               +---------+---------+-------+---------+---------+-------+---------
           D:1 |       0 |      48 |   0.0 |       0 |      24 |   0.0 |   570
           D:2 |       0 |     109 |   0.0 |       0 |      17 |   0.0 |   560
           D:3 |       0 |     151 |   0.0 |       0 |      19 |   0.0 |   905
           D:4 |       0 |     681 |   0.0 |       0 |      13 |   0.0 |  1041
           D:5 |       0 |    1134 |   0.0 |       0 |      36 |   0.0 |  1243
           D:6 |       0 |     453 |   0.0 |       0 |      17 |   0.0 |  1476
           D:7 |       0 |    1805 |   0.0 |       0 |      28 |   0.0 |  1430
           D:8 |       0 |    5969 |   0.0 |       0 |      27 |   0.0 |   821
           D:9 |       0 |    5746 |   0.0 |       0 |      30 |   0.0 |   945
               +---------+---------+-------+---------+---------+-------+---------

Vault maps used:
D:1:      minmay_arrival_checkered_box, glass_columns_c
D:2:      uniq_jessica
D:3:      kennysheep_generic_room_12
D:4:      gammafunk_temple_overflow_arena, first_ration, minmay_cupped
D:5:      corexii_shack_village, uniq_menkaure, uniq_edmund
D:6:      minmay_klotski, sigmund_army
D:7:      gammafunk_the_bubble, grunt_temple_overflow_bloody_war,
          minmay_temple_entry_glass, uniq_prince_ribbit1
D:8:      zin_scriptorium, serial_shops, nicolae_shop_waterfront,
          hangedman_little_slice_of_home, lemuel_oklob_altar, uniq_grum,
          uniq_joseph
D:9:      cheibrodos_two_vegetables, david_defended_altar_elf
Temple:   eino_temple_scatter_basement

Table legend:
 A = Turns spent in this place as a percentage of turns spent in the entire game.
 B = Non-inter-level travel turns spent in this place as a percentage of non-inter-level travel turns spent in the entire game.
 C = Inter-level travel turns spent in this place as a percentage of turns spent in this place.
 D = Turns resting spent in this place as a percentage of non-inter-level travel turns spent in this place.
 E = Turns spent auto-exploring this place as a percentage of non-inter-level travel turns spent in this place.
 F = Non-inter-level travel turns spent in this place divided by the number of levels of this place that you've seen.
                   A       B       C       D       E      F
               +-------+-------+-------+-------+-------+----------------------
         Total | 100.0 | 100.0 |   8.9 |   2.9 |  71.6 | 834.4
       Dungeon |  98.2 |  98.1 |   8.9 |   2.9 |  71.1 | 909.9
        Temple |   1.8 |   1.9 |   6.6 |   0.0 |  97.4 | 155.0
               +-------+-------+-------+-------+-------+----------------------

Table legend:
 A = Kills in this place as a percentage of kills in entire the game.
 B = Kills by you in this place as a percentage of kills by you in the entire game.
 C = Kills by friends in this place as a percentage of kills by friends in the entire game.
 D = Other kills in this place as a percentage of other kills in the entire game.
 E = Experience gained in this place as a percentage of experience gained in the entire game.
 F = Experience gained in this place divided by the number of levels of this place that you have seen.
                   A       B       C       D       E      F
               +-------+-------+-------+-------+-------+----------------------
         Total | 100.0 | 100.0 |   N/A |   N/A | 100.0 | 1609.6
       Dungeon | 100.0 | 100.0 |   N/A |   N/A | 100.0 | 1788.4
               +-------+-------+-------+-------+-------+----------------------
